 Dungeon Crawl Stone Soup version 0.31-a0-845-g9abc20d24f (webtiles) character file.

Game seed: 273811776433800511

234 Kurtz the Chopper (level 6, -1/42 HPs)
             Began as an Octopode Fighter on Oct 1, 2023.
             Slain by a gnoll
             ... wielding a +0 flail
              (11 damage)
             ... on level 2 of the Dungeon.
             The game lasted 00:00:47 (1163 turns).

Kurtz the Chopper (Octopode Fighter)                Turns: 1163, Time: 00:00:48

Health: -1/42      AC:  1    Str: 15    XL:     6   Next: 5%
Magic:  6/6        EV: 13    Int: 11    God:
Gold:   49         SH:  4    Dex: 13    Spells: 5/5 levels left

rFire   . . .        a - +0 war axe
rCold   . . .        b - +0 buckler
rNeg    . . .        (helmet restricted)
rPois   .            (no amulet)
rElec   .            (no ring)
rCorr   .            (no ring)
SInv    .            (no ring)
Will    .....        (no ring)
Stlth   ++           (no ring)
HPRegen 0.27/turn    (no ring)
MPRegen 0.10/turn    (no ring)
                     (no ring)

%: no passive effects
@: no status effects
A: almost no armour, amphibious, 8 rings, camouflage 1, gelatinous body 1,
(nimble swimmer 1), tentacles
a: no special abilities


You were on level 2 of the Dungeon.
You visited 1 branch of the dungeon, and saw 2 of its levels.

You collected 49 gold pieces.

Inventory:

Hand Weapons
 a - a +0 war axe (weapon)
 i - a +0 heavy flail
Armour
 b - a +0 buckler (worn)
Wands
 m - a wand of iceblast (10)
Scrolls
 d - a scroll of teleportation {unknown}
 e - a scroll of summoning {unknown}
 f - a scroll of fear {unknown}
 g - a scroll of noise {unknown}
 j - a scroll of fog {unknown}
Potions
 c - a potion of might
 h - a potion of haste {unknown}
 k - a potion of enlightenment {unknown}
 l - 2 potions of curing {unknown}


   Skills:
 - Level 3.0 Fighting
 * Level 6.1 Axes
 - Level 3.0 Dodging
 - Level 3.0 Shields


You had 5 spell levels left.
You didn't know any spells.
Your spell library was empty.

Dungeon Overview and Level Annotations

Branches:
Dungeon (2/15)

Altars:


Innate Abilities, Weirdness & Mutations

You cannot wear most types of armour.
You are amphibious.
You can wear up to eight rings at the same time.
Your skin changes colour to match your surroundings (Stealth+).
Your rubbery body absorbs attacks. (AC +1, EV +1)
((You are camouflaged when in or above water. (Stealth+)))
You have tentacles for arms and can constrict up to eight enemies at once.


Message History

The gnoll is heavily wounded.
You hit the gnoll. You constrict the gnoll.
The gnoll struggles to escape constriction.
The gnoll barely misses you.
There are monsters nearby!
You hit the gnoll but do no damage.
The gnoll is severely wounded.
You hit the gnoll but do no damage.
You constrict the gnoll, but do no damage.
The gnoll closely misses you. The gnoll hits you with a +0 club.
The gnoll barely misses you.
The gnoll escapes!
You slash the gnoll!
You kill the gnoll!
You barely miss the gnoll. You block the gnoll's attack.
There are monsters nearby!
You barely miss the gnoll. Your grab misses the gnoll.
The gnoll is moderately wounded.
You closely miss the gnoll. The gnoll hits you with a +0 flail!
You block the gnoll's attack.
There are monsters nearby!
You are too injured to fight recklessly!
There are monsters nearby!
You are too injured to fight recklessly!
There are monsters nearby!
You are too injured to fight recklessly!
You are too injured to fight recklessly!
You swing at nothing.
You swing at nothing.
You closely miss the gnoll. You grab the gnoll. Your squeeze misses the gnoll.
You hit the gnoll.
You constrict the gnoll, but do no damage.
The gnoll barely misses you. x2
You slash the gnoll!
The gnoll is almost dead.
You slash the gnoll!
You constrict the gnoll, but do no damage.
The gnoll hits you with a +0 club!
* * * LOW HITPOINT WARNING * * *
The gnoll hits you with a +0 flail!
You die...

#.#.####
##.####
#....<##
#......#
#####.####.#
#........#.#
#..........#
######.#.###
#.##@g.#
#.##g#####
####.)...#
#......###.#
#.###.#. ..
.# ##. .# #.
.# #. .#


You could see 2 gnolls.

Vanquished Creatures
  Sigmund (D:2)
  An orc wizard (D:2)
  2 adders (D:2)
  A gnoll (D:2)
  2 orcs (D:2)
  3 endoplasms
  A goblin (D:2)
  A hobgoblin (D:2)
  3 kobolds
  A quokka (D:1)
  2 ball pythons
  2 rats
20 creatures vanquished.

Notes
Turn   | Place    | Note
-------+----------+-------------------------------------------
     0 | D:1      | Kurtz the Octopode Fighter began the quest for the Orb.
     0 | D:1      | Reached XP level 1. HP: 16/16 MP: 1/1
   696 | D:1      | Reached XP level 2. HP: 21/21 MP: 2/2
   778 | D:2      | Noticed Sigmund
   792 | D:2      | Killed Sigmund
   793 | D:2      | Reached skill level 5 in Axes
   793 | D:2      | Reached XP level 3. HP: 22/26 MP: 3/3
   793 | D:2      | Reached XP level 4. HP: 26/31 MP: 4/4
   793 | D:2      | Reached XP level 5. HP: 30/36 MP: 5/5
  1018 | D:2      | Identified the +2 dagger "Keguto Acei" {heavy, rN++ rCorr
                  | Str-2 Dex+2}
  1043 | D:2      | Reached skill level 6 in Axes
  1118 | D:2      | Reached XP level 6. HP: 42/42 MP: 6/6
  1163 | D:2      | Slain by a gnoll

Illustrated notes

Levels and vault maps discovered:
D:1:      dpeg_arrival_pits, layout_basic
D:2:      minmay_inner_zag, layout_basic, serial_aquarium,
          aquarium_bridge_long_separate [aquarium_subvault_bridge,
          aquarium_subvault_wall, aquarium_subvault_bridge,
          aquarium_subvault_bridge, aquarium_subvault_wall,
          aquarium_subvault_window], aquarium_window_corridor_1,
          aquarium_window_1, aquarium_window_fake, aquarium_window_fake,
          aquarium_view_2b, aquarium_view_2f, minmay_misc_feat_x, uniq_sigmund,
          uniq_jessica

Skill      XL: |  1  2  3  4  5 |
---------------+----------------+-----
Axes           | 5 6 |  6.1
Fighting       | |  3.0
Dodging        | |  3.0
Shields        | |  3.0

Action                     |  1- 3 |  4- 6 || total
---------------------------+-------+-------++-------
  Melee: War axe           |    15 |    25 ||    40
         Constrict         |     4 |     6 ||    10
         Tentacles         |     3 |     5 ||     8
         Punch             |     1 |     2 ||     3
   Stab: Sleeping          |     2 |       ||     2
 Armour: Skin              |     5 |     9 ||    14
  Dodge: Dodged            |    13 |    14 ||    27
  Block: Buckler           |     3 |     4 ||     7

Table legend: (Time is in decaauts)
 A = Elapsed time spent in this place.
 B = Non-inter-level travel time spent in this place.
 C = Inter-level travel time spent in this place.
 D = Time resting spent in this place.
 E = Time spent auto-exploring this place.
 F = Levels seen in this place.
 G = Mean time per level.
                   A        B        C        D        E       F      G
               +--------+--------+--------+--------+--------+-----+--------+
         Total |   1174 |   1102 |     72 |      0 |    943 |   2 |  587.0 |
       Dungeon |   1174 |   1102 |     72 |      0 |    943 |   2 |  587.0 |
               +--------+--------+--------+--------+--------+-----+--------+

Top non-repeatable levels by time:
     D:1: 775 daAuts
     D:2: 399 daAuts
